 Dungeon Crawl Stone Soup version 0.29-a0-653-gd47aff6735 (webtiles) character file.

Game seed: 5874145310401911499

177 DuloT34 the Conjurer (level 5, -1/35 HPs)
             Began as an Octopode Conjurer on June 21, 2022.
             Slain by a gnoll
             ... wielding a +0 whip
             ... led by a gnoll shaman
              (9 damage)
             ... on level 4 of the Dungeon.
             The game lasted 00:05:59 (3434 turns).

DuloT34 the Conjurer (Octopode Conjurer)            Turns: 3434, Time: 00:06:00

Health: -1/35      AC:  1    Str:  6    XL:     5   Next: 57%
Magic:  6/18       EV: 14    Int: 22    God:
Gold:   174        SH:  4    Dex: 17    Spells: 4/10 levels left

rFire   . . .      SeeInvis .   g - +0 short sword (protect)
rCold   . . .      Faith    .   c - +0 buckler
rNeg    . . .      Spirit   .   (helmet restricted)
rPois   .          Reflect  .   (no amulet)
rElec   .          Harm     .   h - ring of magical power
rCorr   .          Rampage  .   m - +6 ring of dexterity
Will    .....                   (no ring)
Stlth   ++........              (no ring)
HPRegen 0.11/turn               (no ring)
MPRegen 0.16/turn               (no ring)
                                (no ring)
                                (no ring)

@: lit by a corona, glowing
A: almost no armour, amphibious, 8 rings, camouflage 1, gelatinous body 1,
(nimble swimmer 1), tentacles
a: no special abilities


You were on level 4 of the Dungeon.
You visited 1 branch of the dungeon, and saw 4 of its levels.

You collected 174 gold pieces.

Inventory:

Hand Weapons
 g - a +0 short sword of protection (weapon)
Armour
 c - a +0 buckler (worn)
Jewellery
 h - a ring of magical power (left tentacle)
 m - a +6 ring of dexterity (right tentacle)
Scrolls
 d - 2 scrolls of immolation
 f - 2 scrolls of fog
Potions
 a - a potion of magic
 b - a potion of curing
 i - a potion of haste {unknown}
 k - 2 potions of brilliance
 l - a potion of degeneration {unknown}


   Skills:
 + Level 2.3 Fighting
 + Level 3.2 Dodging
 - Level 2.6 Stealth
 + Level 1.8 Shields
 + Level 3.0 Spellcasting
 - Level 4.2 Conjurations


You had 4 spell levels left.
You knew the following spells:

 Your Spells              Type           Power      Damage    Failure   Level
a - Magic Dart            Conj           88%        1d7       2%          1
b - Searing Ray           Conj           44%        2d6       4%          2
c - Dazzling Flash        Conj/Hex       24%        N/A       21%         3

Your spell library contained the following spells:

 Spells                   Type           Power      Damage    Failure   Level
 Poisonous Vapours        Pois/Air       6%         N/A       24%         2
 Ozocubu's Armour         Ice            3%         N/A       43%         3
 Fulminant Prism          Conj/Hex       6%         3d7       56%         4
 Iskenderun's Mystic Bla  Conj/Tloc      12%        2d5       56%         4
 Corpse Rot               Necr/Pois/Air  3%         N/A       85%         4
 Metabolic Englaciation   Hex/Ice        1%         N/A       99%         5
 Simulacrum               Ice/Necr       1%         N/A       100%        6


Dungeon Overview and Level Annotations

Branches:
Dungeon (4/15)
 Temple: D:4-7

Altars:


Innate Abilities, Weirdness & Mutations

You cannot wear most types of armour.
You are amphibious.
You can wear up to eight rings at the same time.
Your skin changes colour to match your surroundings (Stealth+).
Your rubbery body absorbs attacks. (AC +1, EV +1)
((You are camouflaged when in or above water. (Stealth+)))
You have tentacles for arms and can constrict up to eight enemies at once.


Message History

The gnoll shaman is moderately wounded.
Casting: Magic Dart (safe; 2% risk of failure)
Confirm with . or Enter, or press ? or * to list all spells.
Aiming: Magic Dart (safe; 2% risk of failure)
Press: ? - help, Shift-Dir - straight line, f/p - gnoll shaman
Aim: a gnoll shaman, wielding a +0 club and wearing a +0 robe (moderately wounded, 100% to hit)
The magic dart hits the gnoll shaman.
The gnoll shaman is moderately wounded.
A gnoll comes into view. It is wielding a +0 whip.
The gnoll shaman calls upon its god to speed up the gnoll.
The gnoll seems to speed up.
The gnoll attacks as you move away! The gnoll hits you with a +0 whip.
The gnoll misses you.
Casting: Magic Dart (safe; 2% risk of failure)
Confirm with . or Enter, or press ? or * to list all spells.
Aiming: Searing Ray (safe; 4% risk of failure)
Press: ? - help, Shift-Dir - straight line, p - gnoll shaman You miscast Searing Ray.
You are very lightly contaminated with residual magic.
Nothing appears to happen.
The gnoll shaman calls down the wrath of its god upon you.
You are outlined in light.
The gnoll misses you. You block the gnoll's attack.
The gnoll hits you with a +0 whip.
* * * LOW HITPOINT WARNING * * *
Casting: Searing Ray (safe; 4% risk of failure)
Confirm with . or Enter, or press ? or * to list all spells.
The spell is quite dangerous to miscast (21% risk of failure)!
Continue anyway? [Y]es or [N]o only, please.
The spell is quite dangerous to miscast (21% risk of failure)!
Continue anyway?
Casting: Dazzling Flash (quite dangerous; 21% risk of failure)
Press: ? - help, Dir - look around, f - activate The gnoll is dazzled.
The gnoll completely misses you. The gnoll barely misses you.
You see here an adder corpse.
You block the gnoll's attack.
Your magical contamination has completely faded away.
The gnoll is no longer blind.
The gnoll hits you with a +0 whip!
You die...

###### #####....# ##....##
###....## #.....## ##....##
##....## ###### ##....##
###....##############....##
................@..g†...##
.................g.....##
.......................#
....#########.........##
....## ###........# .^...#
#........# .....#
#.......... .....#
#....##.... .....# #...##
##.


You could see a gnoll shaman and a gnoll (fast).

Vanquished Creatures
  7 gnolls
  5 adders
  2 dart slugs
  3 orcs (D:3)
  4 ball pythons
  5 endoplasms
  3 giant cockroaches (D:2)
  5 goblins
  6 hobgoblins
  A jackal (D:3)
  4 quokkas
  6 bats
  3 frilled lizards
  A kobold (D:1)
  5 rats
60 creatures vanquished.

Notes
Turn   | Place    | Note
-------+----------+-------------------------------------------
     0 | D:1      | DuloT34 the Octopode Conjurer began the quest for the Orb.
     0 | D:1      | Reached XP level 1. HP: 11/11 MP: 3/3
   386 | D:1      | Reached XP level 2. HP: 15/18 MP: 5/5
   802 | D:1      | Reached skill level 1 in Fighting
  1296 | D:2      | Reached XP level 3. HP: 23/23 MP: 6/6
  1299 | D:2      | Learned a level 2 spell: Searing Ray
  1303 | D:2      | Learned a level 3 spell: Dazzling Flash
  1355 | D:2      | Found a faded altar of an unknown god.
  1928 | D:2      | Reached XP level 4. HP: 28/28 MP: 1/7
  2067 | D:2      | Reached skill level 1 in Shields
  2763 | D:3      | Reached XP level 5. HP: 31/34 MP: 1/9
  3434 | D:4      | Slain by a gnoll

Illustrated notes

Levels and vault maps discovered:
D:1:      dpeg_arrival_pond, layout_loops_ring, minivault_27
D:2:      layout_loops_corners, ebering_ecumenical_altar_box
D:3:      layout_loops_ring, minmay_unequal
D:4:      layout_layer_cave

Skill      XL: |  1  2  3  4  5 |
---------------+----------------+-----
Fighting       | 1 2 |  2.3
Shields        | 1 |  1.8
Dodging        | 3 |  3.2
Spellcasting   | 3 |  3.0
Stealth        | |  2.6
Conjurations   | |  4.2

Action                   |  1- 3 |  4- 6 || total
-------------------------+-------+-------++-------
Melee: Unarmed           |    46 |       ||    46
       Constrict         |    18 |     6 ||    24
       Tentacles         |    18 |     1 ||    19
       Short sword       |    27 |    24 ||    51
 Cast: Magic Dart        |     5 |    15 ||    20
       Searing Ray       |     3 |     7 ||    10
       Dazzling Flash    |       |     1 ||     1
  Use: Scroll            |     1 |     6 ||     7
 Stab: Sleeping          |    13 |     4 ||    17
Armor: Skin              |    10 |     5 ||    15
Dodge: Dodged            |    41 |    38 ||    79
Block: Buckler           |     3 |     5 ||     8

Table legend: (Time is in decaauts)
 A = Elapsed time spent in this place.
 B = Non-inter-level travel time spent in this place.
 C = Inter-level travel time spent in this place.
 D = Time resting spent in this place.
 E = Time spent auto-exploring this place.
 F = Levels seen in this place.
 G = Mean time per level.
                   A        B        C        D        E       F      G
               +--------+--------+--------+--------+--------+-----+--------+
         Total |   3439 |   3316 |    123 |    472 |   2380 |   4 |  859.8 |
       Dungeon |   3439 |   3316 |    123 |    472 |   2380 |   4 |  859.8 |
               +--------+--------+--------+--------+--------+-----+--------+

Top non-repeatable levels by time:
     D:1: 1277 daAuts
     D:2: 1037 daAuts
     D:3: 869 daAuts
     D:4: 254 daAuts
